 Dungeon Crawl Stone Soup version 0.26-a0-651-gb41185065b (webtiles) character file.

Game seed: 15904769245290056815

289410 marklar909 the Stormcaller (level 20, 0/128 HPs)
             Began as a Tengu Air Elementalist on Sept 29, 2020.
             Was the Champion of Vehumet.
             Shot with an arrow by a deep elf master archer (32 damage)
             ... on level 3 of the Elven Halls.
             The game lasted 03:28:19 (83486 turns).

marklar909 the Stormcaller (TeAE)                  Turns: 83486, Time: 03:28:19

Health: 0/128      AC: 14    Str: 14    XL:     20   Next: 72%
Magic:  33/40      EV: 26    Int: 26    God:    Vehumet [******]
Gold:   2155       SH: 12    Dex: 15    Spells: 5/50 levels left

rFire    . . .     SeeInvis +   P - staff of air
rCold    . . .     Faith    .   m - +1 buckler
rNeg     + + .     Spirit   .   K - +1 ring mail "Cakym" {rN+ Regen+ rCorr}
rPois    .         Reflect  +   y - +2 hat
rElec    +         Harm     .   E - +2 cloak "Kuxodd" {Str+4}
rCorr    +         Rampage  .   j - +0 pair of gloves of True Grit {rN+ Int+3 SInv}
MR       +....                  (boots unavailable)
Stlth    +.........             v - amulet of reflection
HPRegen  0.71/turn              O - ring of see invisible
MPRegen  0.27/turn              p - +4 ring of evasion

@: flying quickly and evasively, quick
A: beak, talons 3, able to fly
}: 2/15 runes: decaying, gossamer
a: Stop Flying, Renounce Religion


You were on level 3 of the Elven Halls.
You worshipped Vehumet.
Vehumet was exalted by your worship.
You visited 7 branches of the dungeon, and saw 35 of its levels.
You visited the Abyss 1 time.

You collected 5009 gold pieces.
You spent 2854 gold pieces at shops.

Inventory:

Armour
 j - the +0 pair of gloves of True Grit (worn) {rN+ Int+3 SInv}
   (You bought it in a shop on level 2 of the Elven Halls)

   It affects your intelligence (+3).
   It protects you from negative energy.
   It lets you see invisible.
 m - a +1 buckler (worn)
 n - a +2 pair of gloves of dexterity
 y - a +2 hat (worn)
 E - the +2 cloak "Kuxodd" (worn) {Str+4}
   (You acquired it on level 2 of the Orcish Mines)

   It affects your strength (+4).
 K - the +1 ring mail "Cakym" (worn) {rN+ Regen+ rCorr}
   (You bought it in a shop on level 2 of the Orcish Mines)

   It protects you from negative energy.
   It increases your rate of regeneration.
   It provides partial protection from all sources of acid and corrosion.
Magical Staves
 P - an uncursed staff of air (weapon)
Jewellery
 p - a +4 ring of evasion (right hand)
 v - an amulet of reflection (around neck)
 O - a ring of see invisible (left hand)
Wands
 a - a wand of random effects (23)
 c - a wand of iceblast (25)
 o - a wand of digging (17)
 r - a wand of acid (4)
 I - a wand of disintegration (20)
 M - a wand of paralysis (16)
Scrolls
 d - 5 scrolls of teleportation
 e - a scroll of fear
 h - a scroll of holy word {unknown}
 i - 13 scrolls of amnesia
 q - 10 scrolls of remove curse
 s - 8 scrolls of fog
 u - 5 scrolls of immolation
 w - 13 scrolls of identify
 B - 7 scrolls of magic mapping
 G - a scroll of blinking
Potions
 b - 2 potions of might
 f - 5 potions of haste
 g - a potion of heal wounds
 k - 6 potions of brilliance
 l - 6 potions of stabbing
 t - 2 potions of magic
 z - 4 potions of curing
 C - a potion of berserk rage
 D - a potion of invisibility
 H - 3 potions of cancellation
 J - 2 potions of mutation
 L - 12 potions of ambrosia
 N - 8 potions of lignification


   Skills:
 * Level 14.5 Fighting
 + Level 3.9 Staves
 + Level 8.9 Armour
 + Level 12.5 Dodging
 - Level 2.3 Stealth
 + Level 7.1 Shields
 + Level 15.9 Spellcasting
 + Level 16.2 Conjurations
   Level 5.9 Summonings
 * Level 10.3 Fire Magic
 + Level 5.7 Ice Magic
 + Level 20.0 Air Magic
   Level 4.9 Poison Magic
 + Level 3.1 Evocations


You had 5 spell levels left.
You knew the following spells:

 Your Spells              Type           Power        Failure   Level
a - Freezing Cloud        Conj/Ice/Air   #######...   1%          6
b - Airstrike             Air            ########..   0%          4
c - Orb of Destruction    Conj           #######...   1%          7
d - Lightning Bolt        Conj/Air       ########..   1%          5
e - Fireball              Conj/Fire      ######....   1%          5
f - Conjure Ball Lightni  Conj/Air       ########..   1%          6
g - Iskenderun's Mystic   Conj/Tloc      ######..     1%          4
h - Ignition              Fire           ######....   67%         8

Your spell library contained the following spells:

 Spells                   Type           Power        Failure   Level
 Chain Lightning          Conj/Air       ########..   4%          8
 Tornado                  Air            ########..   30%         9
 Lehudib's Crystal Spear  Conj/Erth      ######....   92%         8
 Foxfire                  Conj/Fire      ####         0%          1
 Magic Dart               Conj           ####         0%          1
 Shock                    Conj/Air       ####         0%          1
 Searing Ray              Conj           ######       0%          2
 Swiftness                Air            ########     0%          2
 Static Discharge         Conj/Air       ########     0%          3
 Summon Small Mammal      Summ           ####         1%          1
 Call Imp                 Summ           ######..     1%          2
 Corpse Rot               Necr/Air       N/A          1%          2
 Poisonous Vapours        Pois/Air       ######       1%          2
 Call Canine Familiar     Summ           ######..     1%          3
 Conjure Flame            Conj/Fire      ######..     1%          3
 Dazzling Flash           Conj/Hex       ######       1%          3
 Inner Flame              Hex/Fire       #####...     1%          3
 Mephitic Cloud           Conj/Pois/Air  #######.     1%          3
 Stone Arrow              Conj/Erth      ######       1%          3
 Fulminant Prism          Conj/Hex       ######....   1%          4
 Olgreb's Toxic Radiance  Pois           #####...     1%          4
 Sticky Flame             Conj/Fire      ######..     1%          4
 Summon Lightning Spire   Summ/Air       #######.     1%          4
 Bolt of Magma            Conj/Fire/Erth ######....   1%          5
 Ensorcelled Hibernation  Hex/Ice        #####.       2%          2
 Beastly Appendage        Tmut           ###...       4%          1
 Corona                   Hex            ###....      4%          1
 Spider Form              Tmut/Pois      ####......   4%          3
 Summon Guardian Golem    Hex/Summ       #####...     4%          3
 Summon Ice Beast         Ice/Summ       ######..     4%          4
 Passwall                 Tmut/Erth      ###.....     7%          2
 Slow                     Hex            ###.....     7%          2
 Wereblood                Tmut           ###.....     7%          2
 Summon Demon             Summ           ######....   11%         5
 Portal Projectile        Hex/Tloc       ###...       13%         3
 Confusing Touch          Hex            ###.....     14%         3
 Tukima's Dance           Hex            ###.....     14%         3
 Ice Form                 Ice/Tmut       #####...     14%         4
 Yara's Violent Unravell  Hex/Tmut       ###.......   30%         5
 Summon Forest            Summ/Tloc      #####.....   34%         5
 Summon Mana Viper        Hex/Summ       #####...     36%         5
 Cause Fear               Hex            ###.......   41%         4
 Leda's Liquefaction      Hex/Erth       ###.......   41%         4
 Blade Hands              Tmut           ###.......   77%         5
 Iron Shot                Conj/Erth      ######....   7%          6
 Spellforged Servitor     Conj/Summ      ######....   11%         7
 Shadow Creatures         Summ           N/A          52%         6
 Eringya's Noxious Bog    Tmut/Pois      ####......   94%         6
 Summon Hydra             Summ           ######....   97%         7
 Hydra Form               Tmut           ###.......   100%        6
 Statue Form              Tmut/Erth      ###......    100%        6
 Dragon Form              Tmut           ###.......   100%        7
 Dragon's Call            Summ           ######....   100%        9
 Shatter                  Erth           ###.......   100%        9


Dungeon Overview and Level Annotations

Branches:
Dungeon (15/15)            Temple (1/1) D:7            Lair (6/6) D:9
  Swamp (4/4) Lair:3       Spider (4/4) Lair:3        Slime (0/5) Lair:6
    Orc (2/2) D:12            Elf (3/3) Orc:2        Vaults (0/5) D:13
 Depths (0/5) D:15

Altars:
Ashenzari
Cheibriados
Dithmenos
Elyvilon
Fedhas
Gozag
Hepliaklqana
Kikubaaqudgha
Makhleb
Nemelex Xobeh
Okawaru
Qazlal
Ru
Sif Muna
Trog
Uskayaw
Vehumet
Wu Jian
Xom
Yredelemnul
Zin
The Shining One
Jiyva

Shops:
D:5 (   D:7 *   D:12 [(   D:13 [   Orc:1 (   Orc:2 ?[[[(   Elf:1 *
Elf:2 }?[*(

Annotations:
Elf:3 1 exclusion


Innate Abilities, Weirdness & Mutations

You have a beak for a mouth.
You have claws for feet.
You can fly continuously.


Message History

Your ball lightning explodes!
The blast of lightning engulfs the deep elf master archer!
The deep elf master archer is severely wounded.
The deep elf master archer shoots an arrow.
The arrow hits you!!
The deep elf master archer shoots an arrow.
The arrow closely misses your ball lightning.
The arrow hits you!!
Your ball lightning explodes!
The blast of lightning engulfs the deep elf master archer!
The deep elf master archer is almost dead.
The deep elf master archer shoots an arrow.
The arrow closely misses you.
You hear a shout! x2
The deep elf master archer shoots an arrow.
The arrow hits you!
* * * LOW HITPOINT WARNING * * *
The deep elf master archer shoots an arrow.
The arrow hits you!!
You die...

#* ***** **,** * # **,***## #####
*#.***#.. ###...### *#.#**#...
##.......### ###*#.#**#."..
...........# ###.##'#* *.....
...........# ####..(..### *.....
.....)..)..# #(.........###.....
.......)...####.@..)[=...'.'.....
..[..)....['...'[)).8....###.....
.)...).)...#####.([).....# *#....
.[÷........# #....(..(.# *#...
#'.......### ###.?.(.### *#..
)..#...### ###.#).# *## ...#####
####e#*** ...# **,,○e..,** ####
******,,,,,...,*****


You could see a deep elf master archer.

Vanquished Creatures
  Arachne (Spider:4)
  A tentacled monstrosity (Swamp:4)
  4 deep elf blademasters
  Asterion (Spider:1)
  Gastronok (D:9)
  5 thorn hunters
  10 deep elf sorcerers
  4 ghost moths (Spider:4)
  Louise (D:15)
  The ghost of armax the Severer, a journeyman DDFi of Makhleb (Swamp:3)
  3 ghouls
  6 emperor scorpions
  5 deep elf elementalists (Elf:3)
  2 entropy weavers
  4 deep elf demonologists
  Azrael (D:15)
  5 deep elf annihilators (Elf:3)
  A spark wasp (Spider:4)
  The ghost of lunkers the Grappler, a journeyman DrTm of Ru (Lair:4)
  7 deep elf death magi
  An ettin (Orc:1)
  Josephine (Swamp:1)
  5 deep elf high priests (Elf:3)
  Erolcha (D:11)
  22 hydras
  4 vault guards (D:13)
  A ghost crab (Swamp:4)
  2 shambling mangroves (Swamp:4)
  9 two-headed ogres
  8 alligators
  A death yak (Lair:4)
  24 dancing weapons
  A death knight (D:14)
  A centaur warrior (D:13)
  5 orc high priests
  4 ogre magi
  21 deep elf knights
  5 skeletal warriors
  2 unseen horrors
  A spriggan druid (Swamp:4)
  3 wizards
  An unseen horror (shapeshifter) (D:14)
  2 spectral hydras (Lair:4)
  14 swamp dragons
  A swamp dragon (shapeshifter) (Elf:3)
  3 lindwurms
  A phantasmal warrior (D:14)
  11 deep elf archers
  9 orc knights
  17 ugly things
  9 orc sorcerers
  26 wolf spiders
  3 oklob plants (Lair:5)
  16 orb spiders
  2 moths of wrath
  64 deep elf magi
  2 cyclopes
  6 elephants
  A naga mage (D:15)
  Joseph (Lair:1)
  2 torpor snails
  A black mamba (Lair:6)
  Maggie (D:6)
  13 cane toads
  6 centaur zombies
  A rime drake (Lair:3)
  2 gargoyles
  14 demonic crawlers
  3 komodo dragons
  A queen bee (D:10)
  32 jumping spiders
  A hornet (shapeshifter) (D:13)
  21 hornets
  10 trolls
  3 polar bears (Lair:6)
  5 bog bodies
  15 tyrant leeches
  5 dream sheep (Lair:6)
  49 slime creatures
  2 meliai zombies
  Sigmund (D:5)
  2 hippogriffs
  29 tarantellas
  A shadow (Swamp:1)
  16 spriggans
  68 redbacks
  2 air elementals (Elf:1)
  25 yaks
  4 basilisks
  6 wraiths
  2 vampires
  3 wyverns
  2 water elementals
  3 fire elementals
  12 vampire mosquitoes
  5 wargs
  14 swamp worms
  10 insubstantial wisps
  An acid dragon (D:13)
  15 water moccasins
  8 porcupines
  5 hell hounds (D:15)
  22 orc warriors
  23 swamp drakes
  3 sky beasts
  4 black bears (Lair:6)
  A hornet zombie (D:15)
  15 ogres
  3 ice beasts
  3 phantoms
  2 black mamba simulacra (Lair:4)
  2 eyes of draining
  4 boggarts (Lair:6)
  20 wolves
  4 centaurs
  15 crocodiles
  17 bullfrogs
  An earth elemental (Elf:2)
  3 wyvern zombies
  A wyvern skeleton (D:12)
  4 scorpions
  36 killer bees
  2 howler monkeys (D:10)
  6 electric eels
  A torpor snail simulacrum (Lair:4)
  6 jellies
  A bullfrog zombie (D:7)
  12 orc priests
  2 centaur skeletons
  3 hounds
  2 quasits (D:6)
  Crazy Yiuf (D:6)
  A gnoll shaman (D:9)
  4 hell rats (Lair:4)
  An iguana (D:8)
  Natasha (D:4)
  29 orc wizards
  7 worker ants
  A hound zombie (D:5)
  2 hound skeletons
  3 mummies (D:15)
  9 gnolls
  8 adders
  4 shadow imps
  2 white imps (D:8)
  4 ufetubi
  3 oozes (Lair:6)
  An adder skeleton (D:8)
  An adder zombie (D:8)
  5 worms
  2 dart slugs (D:1)
  5 leopard geckos
  75 orcs
  3 giant cockroaches
  7 goblins
  17 hobgoblins
  5 jackals (D:4)
  6 quokkas
  2 ball pythons
  7 bats
  8 frilled lizards
  A giant cockroach zombie (D:5)
  6 kobolds
  10 rats
  3 briar patches (Swamp:3)
  5 bushes
  2 crawling corpses (Elf:3)
1265 creatures vanquished.

Vanquished Creatures (collateral kills)
  Nessos (Lair:4)
  A hydra (Lair:3)
  Harold (D:7)
  A two-headed ogre (D:7)
  2 death yaks (Lair:4)
  8 ball lightnings
  An oklob plant (Lair:5)
  2 elephants
  2 centaur zombies
  A black mamba (Lair:6)
  3 cane toads
  A rime drake (Lair:6)
  A komodo dragon (Lair:5)
  3 blink frogs (Lair:6)
  2 dream sheep (Lair:6)
  A basilisk (D:9)
  6 yaks
  A swamp worm (Lair:3)
  4 water moccasins
  A black bear (D:13)
  3 orc warriors
  An ogre (D:11)
  7 wolves
  2 crocodiles
  2 bullfrogs
  A howler monkey (D:10)
  A bullfrog zombie (D:11)
  A jelly (D:9)
  A worker ant (D:13)
  5 orcs
  A bush (Lair:4)
68 creatures vanquished.

Vanquished Creatures (others)
  A deep elf high priest (Elf:3)
  A deep elf knight (Elf:1)
  An ugly thing (D:15)
  236 ball lightnings
  A freezing wraith (D:15)
  2 water elementals
  An eye of draining (Abyss:3)
  2 small abominations
  A briar patch (Swamp:3)
  95 fungi
  125 plants
  A starspawn tentacle (Abyss:4)
  10 toadstools
  A withered plant (D:15)
478 creatures vanquished.

Grand Total: 1811 creatures vanquished

Notes
Turn   | Place    | Note
-------+----------+-------------------------------------------
     0 | D:1      | marklar909 the Tengu Air Elementalist began the quest for
                  | the Orb.
     0 | D:1      | Reached XP level 1. HP: 10/10 MP: 4/4
   586 | D:1      | Reached XP level 2. HP: 15/15 MP: 1/6
  1100 | D:1      | Reached XP level 3. HP: 20/20 MP: 5/7
  2112 | D:2      | Reached skill level 5 in Air Magic
  2350 | D:2      | Reached skill level 1 in Fighting
  2442 | D:2      | Found a sacrificial altar of Ru.
  2526 | D:2      | Found an opulent altar of Gozag.
  2831 | D:2      | Reached XP level 4. HP: 25/25 MP: 6/8
  2875 | D:2      | Learned a level 4 spell: Airstrike
  3397 | D:3      | You fall into a shaft and drop 2 floors!
  3397 | D:5      | Entered Level 5 of the Dungeon
  3622 | D:5      | Found a shadowy altar of Dithmenos.
  3631 | D:5      | Noticed an ice beast
  3722 | D:5      | Noticed Sigmund
  4038 | D:5      | Gained mutation: You can fly continuously. [Tengu growth]
  4038 | D:5      | Reached XP level 5. HP: 25/29 MP: 2/9
  4137 | D:5      | Learned a level 4 spell: Summon Lightning Spire
  4202 | D:5      | Found a shimmering blue altar of Sif Muna.
  4286 | D:5      | Found an iron altar of Okawaru.
  5836 | D:4      | Noticed an ogre
  5863 | D:4      | Found a sparkling altar of Nemelex Xobeh.
  5877 | D:4      | Reached skill level 6 in Air Magic
  5877 | D:4      | Reached XP level 6. HP: 35/35 MP: 6/11
  6843 | D:4      | Reached XP level 7. HP: 27/40 MP: 3/12
  6966 | D:4      | Reached skill level 7 in Air Magic
  7528 | D:4      | Noticed Natasha
  7529 | D:4      | Killed Natasha
  7582 | D:4      | Reached skill level 1 in Armour
  7582 | D:4      | Reached skill level 1 in Summonings
  7934 | D:5      | Reached skill level 1 in Shields
  8048 | D:5      | Found Acaladif's Weapon Shoppe.
  8282 | D:5      | Reached XP level 8. HP: 46/46 MP: 5/14
  8460 | D:5      | Killed Sigmund
  8460 | D:5      | Reached skill level 8 in Air Magic
  8579 | D:6      | Noticed Maggie
  9256 | D:6      | Reached skill level 9 in Air Magic
  9425 | D:6      | Found a runed translucent door.
  9426 | D:6      | Noticed Crazy Yiuf
 10070 | D:7      | Found Coqoil's General Store.
 10083 | D:7      | Noticed a moth of wrath
 10086 | D:7      | Found a bloodstained altar of Trog.
 10660 | D:7      | Killed a moth of wrath
 10660 | D:7      | Reached XP level 9. HP: 52/52 MP: 0/17
 11171 | D:7      | Reached skill level 10 in Air Magic
 11324 | D:7      | Noticed Harold
 11349 | D:7      | Killed Harold
 11349 | D:7      | Reached skill level 5 in Spellcasting
 11583 | D:7      | Found a staircase to the Ecumenical Temple.
 11592 | Temple   | Entered the Ecumenical Temple
 11682 | Temple   | Became a worshipper of Vehumet
 11796 | D:7      | Learned a level 5 spell: Lightning Bolt
 12093 | D:7      | Reached skill level 5 in Dodging
 12343 | D:7      | Noticed a two-headed ogre
 12359 | D:7      | Killed a two-headed ogre
 12359 | D:7      | Reached skill level 11 in Air Magic
 12359 | D:7      | Reached XP level 10. HP: 58/58 MP: 1/19
 12724 | D:6      | Killed Maggie
 13242 | D:6      | Killed Crazy Yiuf
 14241 | D:8      | Identified the Handbook of Feathery Fire
 14404 | D:8      | Reached skill level 12 in Air Magic
 15403 | D:9      | Reached * piety under Vehumet
 15403 | D:9      | Offered knowledge of Freeze by Vehumet.
 15409 | D:9      | Learned a level 4 spell: Sticky Flame
 15463 | D:9      | Noticed Gastronok
 15696 | D:9      | Found a staircase to the Lair.
 15696 | D:9      | Noticed an elephant
 16506 | D:9      | Reached skill level 5 in Armour
 16563 | D:9      | Killed an elephant
 16563 | D:9      | Reached skill level 5 in Conjurations
 17158 | D:9      | Found an ornate altar of the Wu Jian Council.
 17301 | D:10     | Entered Level 10 of the Dungeon
 17320 | D:10     | Reached skill level 5 in Fighting
 17408 | D:10     | Got a shimmering quarterstaff
 17437 | D:10     | Reached XP level 11. HP: 64/64 MP: 1/22
 17611 | D:10     | Reached ** piety under Vehumet
 17611 | D:10     | Offered knowledge of Foxfire by Vehumet.
 19248 | D:10     | Reached skill level 13 in Air Magic
 19407 | D:10     | Offered knowledge of Stone Arrow by Vehumet.
 20212 | D:11     | Reached *** piety under Vehumet
 20426 | D:11     | Got a bound amber ring
 20712 | D:11     | Noticed a six-headed hydra
 20724 | D:11     | Killed a six-headed hydra
 20725 | D:11     | Noticed Erolcha
 20910 | D:11     | Offered knowledge of Olgreb's Toxic Radiance by Vehumet.
 20916 | D:11     | Learned a level 4 spell: Olgreb's Toxic Radiance
 20930 | D:11     | Noticed a five-headed hydra
 20973 | D:11     | Noticed a six-headed hydra
 21261 | D:11     | Killed a five-headed hydra
 21869 | D:11     | Killed Erolcha
 21884 | D:11     | Killed a six-headed hydra
 22526 | Lair:1   | Entered Level 1 of the Lair of Beasts
 22539 | Lair:1   | Reached XP level 12. HP: 71/71 MP: 17/25
 22814 | Lair:1   | Noticed Joseph
 22822 | Lair:1   | Killed Joseph
 22822 | Lair:1   | Reached skill level 14 in Air Magic
 22965 | Lair:1   | Reached skill level 1 in Fire Magic
 23567 | Lair:1   | Identified the cursed ring "Qunixkyo" {rF+ Str+5 Int+4
                  | Dex-4} (You found it on level 11 of the Dungeon)
 23722 | Lair:2   | Reached skill level 1 in Poison Magic
 23947 | Lair:2   | Reached **** piety under Vehumet
 24297 | Lair:2   | Offered knowledge of Iskenderun's Battlesphere by Vehumet.
 24788 | Lair:2   | Noticed a seven-headed hydra
 24829 | Lair:2   | Killed a seven-headed hydra
 25872 | Lair:3   | Noticed a seven-headed hydra
 25877 | Lair:3   | Killed a seven-headed hydra
 25888 | Lair:3   | Noticed a seven-headed hydra
 25938 | Lair:3   | Killed a seven-headed hydra
 26353 | Lair:3   | Found a hole to the Spider Nest.
 26427 | Lair:3   | Noticed an eight-headed hydra
 26601 | Lair:3   | Killed an eight-headed hydra
 26667 | Lair:3   | HP: 3/72 [swamp worm/harpoon shot (3)]
 27082 | Lair:3   | Reached XP level 13. HP: 65/76 MP: 5/27
 27223 | Lair:3   | Found a staircase to the Swamp.
 28237 | Lair:4   | Found a runed translucent gate.
 28240 | Lair:4   | Found a runed translucent gate.
 28240 | Lair:4   | Found a runed translucent gate.
 28242 | Lair:4   | Noticed lunkers's ghost (journeyman DrTm)
 28270 | Lair:4   | Noticed Nessos
 28615 | Lair:4   | Killed Nessos
 30811 | Lair:5   | Reached skill level 10 in Spellcasting
 31454 | Lair:6   | Entered Level 6 of the Lair of Beasts
 31506 | Lair:6   | Found a runed translucent door.
 31506 | Lair:6   | Found a viscous altar of Jiyva.
 31564 | Lair:6   | Found a staircase to the Slime Pits.
 31726 | Lair:6   | Reached skill level 15 in Air Magic
 31736 | Lair:6   | Reached skill level 5 in Summonings
 31765 | Lair:6   | Reached ***** piety under Vehumet
 31767 | Lair:6   | Offered knowledge of Yara's Violent Unravelling by Vehumet.
 32434 | Lair:6   | Reached skill level 5 in Fire Magic
 34004 | Lair:6   | Reached XP level 14. HP: 84/84 MP: 10/29
 34669 | Lair:6   | Reached skill level 10 in Conjurations
 35753 | Lair:6   | Identified the Papyrus of Fetching Transmutation
 36462 | D:9      | Identified a scroll of acquirement
 36463 | D:9      | Acquired Fyharr's Volume of Changing and Attacks
 36477 | D:9      | Learned a level 6 spell: Freezing Cloud
 36591 | D:7      | Bought an uncursed amulet of regeneration for 450 gold
                  | pieces
 38004 | D:12     | Found Onawiu's Weapon Shoppe.
 38006 | D:12     | Found a staircase to the Orcish Mines.
 38008 | D:12     | Found Cubribb's Armour Shoppe.
 38013 | D:12     | Offered knowledge of Fireball by Vehumet.
 38047 | D:12     | Bought the cursed +0 pair of gloves "Fafa" {SInv} for 165
                  | gold pieces
 38482 | D:12     | Reached skill level 1 in Ice Magic
 38654 | Orc:1    | Entered Level 1 of the Orcish Mines
 38688 | D:12     | Learned a level 5 spell: Fireball
 38788 | Orc:2    | Entered Level 2 of the Orcish Mines
 38859 | Orc:2    | Found a staircase to the Elven Halls.
 39085 | Orc:2    | Reached skill level 10 in Dodging
 39597 | Orc:2    | Found Mytig's Magic Scroll Shoppe.
 39818 | Orc:1    | Found Bigh's Weapon Shoppe.
 40030 | Orc:2    | Bought a scroll of amnesia for 38 gold pieces
 40030 | Orc:2    | Bought a scroll of identify for 22 gold pieces
 40030 | Orc:2    | Bought a scroll of identify for 22 gold pieces
 40030 | Orc:2    | Bought a scroll of fear for 38 gold pieces
 40030 | Orc:2    | Bought a scroll of fog for 22 gold pieces
 40030 | Orc:2    | Bought a scroll of fog for 22 gold pieces
 40291 | Orc:2    | Paralysed by an orc sorcerer for 5 turns
 40303 | Orc:2    | Paralysed by an orc sorcerer for 6 turns
 41676 | Orc:2    | Paralysed by an orc sorcerer for 6 turns
 42266 | Orc:2    | Reached skill level 16 in Air Magic
 42312 | Orc:2    | Found Qionan's Antique Armour Emporium.
 42312 | Orc:2    | Found Becziog's Antique Armour Emporium.
 42382 | Orc:2    | Found Amorom's Antique Weapon Boutique.
 42382 | Orc:2    | Found Boodiesk's Armour Boutique.
 42390 | Orc:2    | Bought a pair of embroidered gloves for 217 gold pieces
 42402 | Orc:2    | Bought a heavily runed ring mail for 180 gold pieces
 42402 | Orc:2    | Bought a pitted ring mail for 180 gold pieces
 42974 | Orc:2    | Bought a scroll of acquirement for 572 gold pieces
 42974 | Orc:2    | Acquired the +2 cloak "Kuxodd" {Str+4}
 43323 | D:13     | Offered knowledge of Orb of Destruction by Vehumet.
 43951 | D:12     | Reached XP level 15. HP: 91/91 MP: 17/31
 44163 | D:13     | Found Vyemp's Armour Emporium.
 44845 | D:13     | Learned a level 7 spell: Orb of Destruction
 44999 | D:13     | Found a gate to the Vaults.
 45632 | D:14     | Found the +7 Kryia's mail coat {PotionHeal*2 rC+}
 45818 | D:14     | Reached skill level 1 in Staves
 46114 | D:14     | Reached skill level 10 in Fighting
 46235 | D:14     | Offered knowledge of Conjure Ball Lightning by Vehumet.
 46334 | D:13     | Learned a level 6 spell: Conjure Ball Lightning
 46430 | D:14     | Found an ornate altar of the Wu Jian Council.
 47507 | D:15     | Entered Level 15 of the Dungeon
 47570 | D:15     | Noticed a ghoul
 49162 | D:15     | Found a staircase to the Depths.
 50146 | D:15     | Noticed a ghoul
 50164 | D:15     | Noticed a ghoul
 50224 | D:14     | Killed a ghoul
 50224 | D:14     | Reached XP level 16. HP: 99/99 MP: 1/33
 50932 | D:15     | Noticed Louise
 50936 | D:15     | Killed Louise
 51249 | D:15     | Reached skill level 17 in Air Magic
 51876 | D:15     | Noticed Azrael
 51977 | D:15     | Killed Azrael
 52942 | D:9      | Identified the +1 ring mail "Cakym" {rN+ Regen+ rCorr} (You
                  | bought it in a shop on level 2 of the Orcish Mines)
 52943 | D:9      | Identified the cursed +0 ring mail of Misanthropy {Dex+5}
                  | (You bought it in a shop on level 2 of the Orcish Mines)
 53199 | Lair:4   | Killed lunkers's ghost
 53482 | Swamp:1  | Entered Level 1 of the Swamp
 53790 | D:9      | Killed Gastronok
 54899 | Swamp:1  | Noticed Josephine
 54900 | Swamp:1  | Offered knowledge of Iron Shot by Vehumet.
 55212 | Swamp:1  | Killed Josephine
 55941 | Swamp:2  | Noticed a thorn hunter
 55946 | Swamp:2  | Killed a thorn hunter
 56683 | Swamp:2  | Learned a level 7 spell: Spellforged Servitor
 56690 | Swamp:3  | Noticed a thorn hunter
 57897 | Swamp:3  | Reached XP level 17. HP: 105/105 MP: 25/34
 57932 | Swamp:3  | Found a large runed translucent door.
 57932 | Swamp:3  | Found a large runed translucent door.
 57942 | Swamp:3  | Noticed armax's ghost (journeyman DDFi)
 58503 | Swamp:3  | Killed armax's ghost
 58833 | Swamp:3  | Acquired a book of the Earth
 58928 | Swamp:4  | Entered Level 4 of the Swamp
 59252 | Swamp:3  | Reached skill level 5 in Shields
 59949 | Swamp:4  | Offered knowledge of Starburst by Vehumet.
 60945 | Swamp:4  | Got a decaying rune of Zot
 61006 | Swamp:4  | Reached skill level 18 in Air Magic
 62283 | Swamp:4  | Reached skill level 5 in Ice Magic
 62325 | Swamp:4  | Noticed a tentacled monstrosity
 62334 | Swamp:4  | Killed a tentacled monstrosity
 62973 | Spider:1 | Entered Level 1 of the Spider Nest
 63545 | Lair:3   | Learned a level 4 spell: Olgreb's Toxic Radiance
 64384 | Lair:3   | Offered knowledge of Ignition by Vehumet.
 64907 | Lair:3   | Reached XP level 18. HP: 113/113 MP: 28/36
 65526 | Spider:1 | Noticed Asterion
 65731 | Spider:1 | Killed Asterion
 66486 | Spider:1 | Reached skill level 1 in Evocations
 68682 | Spider:2 | Learned a level 8 spell: Ignition
 68693 | Spider:3 | Reached ****** piety under Vehumet
 69428 | Spider:3 | Acquired 727 gold pieces
 69459 | Spider:4 | Entered Level 4 of the Spider Nest
 69789 | Spider:4 | Noticed Arachne
 69901 | Spider:4 | Killed Arachne
 69904 | Spider:4 | Reached skill level 15 in Conjurations
 70073 | Spider:4 | Offered knowledge of Lehudib's Crystal Spear by Vehumet.
 70073 | Spider:4 | Offered knowledge of Chain Lightning by Vehumet.
 70073 | Spider:4 | Offered knowledge of Tornado by Vehumet.
 73252 | Spider:4 | Reached XP level 19. HP: 119/119 MP: 5/38
 73724 | Spider:4 | Got a gossamer rune of Zot
 74065 | D:9      | Learned a level 4 spell: Iskenderun's Mystic Blast
 74186 | Elf:1    | Entered Level 1 of the Elven Halls
 75429 | Elf:1    | Found Rimm's Assorted Antiques.
 75568 | Elf:1    | Identified the Disquisition on Confrontation and the
                  | Entourage
 75903 | Elf:1    | Reached skill level 19 in Air Magic
 76049 | Elf:1    | Identified the Tome of Calling
 76809 | Elf:2    | Found Oniuhovvy's Magic Scroll Shop.
 76811 | Elf:2    | Found Gixywnij's Gadget Shop.
 76812 | Elf:2    | Bought a scroll of fear for 49 gold pieces
 76812 | Elf:2    | Bought a scroll of identify for 28 gold pieces
 76812 | Elf:2    | Bought a scroll of identify for 28 gold pieces
 76812 | Elf:2    | Bought a scroll of identify for 28 gold pieces
 76812 | Elf:2    | Bought a scroll of amnesia for 49 gold pieces
 76812 | Elf:2    | Bought a scroll of amnesia for 49 gold pieces
 76812 | Elf:2    | Bought a scroll of identify for 28 gold pieces
 76812 | Elf:2    | Bought a scroll of amnesia for 49 gold pieces
 76812 | Elf:2    | Bought a scroll of identify for 28 gold pieces
 76962 | Elf:2    | Found Kameh's Antique Weapon Shop.
 76963 | Elf:2    | Found Raozxid's General Store.
 76970 | Elf:2    | Bought a scroll of enchant armour for 135 gold pieces
 76970 | Elf:2    | Bought a scroll of identify for 36 gold pieces
 76997 | Elf:2    | Reached skill level 15 in Spellcasting
 77404 | Elf:2    | Found Ecrit's Armour Emporium.
 77410 | Elf:2    | Bought the +0 pair of gloves of True Grit {rN+ Int+3 SInv}
                  | for 419 gold pieces
 77596 | Elf:2    | Found a huge runed translucent gate.
 77596 | Elf:2    | Found a huge runed translucent gate.
 77596 | Elf:2    | Found a huge runed translucent gate.
 77596 | Elf:2    | Found a huge runed translucent gate.
 77598 | Elf:2    | Found a huge runed translucent gate.
 79089 | Elf:3    | Entered Level 3 of the Elven Halls
 79386 | Elf:3    | Reached XP level 20. HP: 113/127 MP: 32/40
 80349 | Elf:3    | Identified the +4 quarterstaff "Thing" {vamp, *Drain MP+9
                  | Str-3 Stlth+}
 80457 | Elf:3    | Noticed a Brimstone Fiend
 80754 | Elf:3    | Reached skill level 10 in Fire Magic
 80887 | Elf:3    | Cast into level 3 of the Abyss (a deep elf sorcerer)
 81033 | Abyss:3  | Paralysed by accursed screaming for 1 turns
 82387 | Elf:3    | Escaped the Abyss
 83358 | Elf:3    | Identified the amulet of Surprise {+Blink Regen+}
 83459 | Elf:3    | Reached skill level 20 in Air Magic
 83478 | Elf:3    | Identified the cursed +1 war axe of Duwucz Emog {vorpal,
                  | rN+}
 83486 | Elf:3    | Shot with an arrow by a deep elf master archer

Illustrated notes

Levels and vault maps discovered:
D:1:      dpeg_arrival_signposts, layout_loops_ring
D:2:      layout_loops_ring, nicolae_ru_path_of_blood, grunt_gozag_statues,
          minmay_quantized
D:3:      layout_basic, minmay_misc_feat_pillars, minmay_pentomino_pile
D:4:      layout_cave_pools, kennysheep_little_box, uniq_natasha
D:5:      layout_basic, lemuel_doored_altar, lemuel_round_altar,
          okawaru_gym_becter, serial_shops, shop, uniq_sigmund
D:6:      layout_basic, nicolae_benzene_ring, hex_tiny, uniq_crazy_yiuf_cottage,
          uniq_maggie
D:7:      layout_loops_corners, tgw_trog, minmay_temple_entry_drinking_statues,
          serial_shops, nicolae_shop_stone, kennysheep_nub, grunt_ministairs_10,
          minmay_crystal_water, uniq_harold
D:8:      layout_loops_corners, minmay_misc_feat_more_columns
D:9:      layout_roguey, kennysheep_mini_moat, david_lair_generic,
          uniq_gastronok
D:10:     layout_roguey [special_room_bee]
D:11:     layout_cave_pods, uniq_erolcha
D:12:     layout_basic, orc_david_3, gauntlet_entry_generic,
          minmay_gold_behind_fungi
D:13:     layout_cave_pools, grunt_vaults_entry_fortified, serial_shops,
          nicolae_shop_waterfront
D:14:     layout_layer_cave, basic_altar, glass_columns_a
D:15:     grunt_enter_depths_magical_seal, layout_basic,
          chequers_serial_rivers_micro_e, serial_undead, serial_undead_e,
          serial_undead_e, serial_undead_d, serial_undead_d, st_stairs_3,
          uniq_azrael, uniq_louise
Temple:   zaba_magenta_temple
Lair:1:   layout_roguey, hangedman_lair_unloving_vines, grunt_megastairs_4,
          uniq_joseph
Lair:2:   layout_hall_layers, lemuel_fruit_tree
Lair:3:   layout_chaotic_city, palyth_hydra_swamp_entry,
          spider_nest_entry_rubble
Lair:4:   layout_regular_city, gammafunk_ghost_necromancy, uniq_nessos
Lair:5:   minmay_lair_oklob_tunnel, layout_loops_ring, serial_bayou_ford_a,
          infiniplex_staircase_pool, grunt_megastairs_3
Lair:6:   minmay_lair_end_enchanted_forest, layout_hall_layers, slime_altar_2
Swamp:1:  layout_basic_swamp, nicolae_swamp_round_clearing, uniq_josephine
Swamp:2:  cheibrodos_swamp_tower_of_moss, layout_basic_swamp,
          evilmike_swamp_ruin_wall
Swamp:3:  layout_falls_marsh, ebering_ghost_disaster_area,
          evilmike_swamp_ruin_rubble_2, swamp_pool5
Swamp:4:  swamp_alternative, layout_basic_swamp, swamp_pool5,
          infiniplex_staircase_pool_2
Spider:1: layout_spider_delve, uniq_asterion
Spider:2: layout_spider_delve
Spider:3: layout_spider_delve
Spider:4: spider_rune_water, uniq_arachne
Orc:1:    layout_caves, serial_shops, nicolae_shop_waterfront
Orc:2:    st_orc_elflike, layout_caves, guppyfry_orc_lava_fort
Elf:1:    eino_elf_arrival_the_gate, layout_geoelf_diagonals, serial_shops,
          shop, minmay_elf_demonology, minmay_elf_sorcery
Elf:2:    layout_onion_city, serial_shops, shop, nicolae_shop_behind_doors,
          shop, shop, shop
Elf:3:    nooodl_elf_gasket, layout_geoelf_grid, serial_shops, shop,
          lemuel_flamethrower_3

Skill      XL: |  1  2  3  4  5  6  7  8  9 10 11 12 13 14 15 16 17 18 19 20 |
---------------+-------------------------------------------------------------+-----
Conjurations   | 2 3 4 5 7 8 9 11 12 14 15 16 | 16.2
Air Magic      | 5 6 7 9 11 12 13 14 15 16 17 18 19 20 | 20.0
Fighting       | 1 2 3 4 5 6 7 8 9 10 11 12 13 14 | 14.5
Dodging        | 3 4 5 6 7 8 9 10 11 12 | 12.5
Spellcasting   | 3 4 5 6 8 9 10 11 12 13 14 15 | 15.9
Armour         | 1 2 3 5 6 7 8 |  8.9
Summonings     | 1 3 4 5 |  5.9
Shields        | 1 2 3 4 5 6 7 |  7.1
Fire Magic     | 3 5 6 7 9 10 | 10.3
Poison Magic   | 2 4 |  4.9
Ice Magic      | 2 3 4 5 |  5.7
Staves         | 2 3 |  3.9
Evocations     | 3 |  3.1
Stealth        | |  2.3

Action                   |  1- 3 |  4- 6 |  7- 9 | 10-12 | 13-15 | 16-18 | 19-21 || total
-------------------------+-------+-------+-------+-------+-------+-------+-------++-------
Melee: Staff             |       |       |       |    55 |   237 |   517 |    53 ||   862
       Kick              |       |       |       |    11 |    93 |   224 |    22 ||   350
       Peck              |       |       |       |     7 |    61 |   148 |    10 ||   226
 Cast: Shock             |    95 |   124 |    68 |   136 |    58 |       |       ||   481
       Airstrike         |       |     3 |    72 |   200 |   154 |   168 |    57 ||   654
       Summon Lightning  |       |       |     4 |    36 |    44 |       |       ||    84
       Lightning Bolt    |       |       |       |    93 |   194 |    11 |    11 ||   309
       Freezing Cloud    |       |       |       |       |   133 |   150 |    45 ||   328
       Olgreb's Toxic Ra |       |       |       |       |    11 |    75 |       ||    86
       Fireball          |       |       |       |       |     4 |    11 |     4 ||    19
       Orb of Destructio |       |       |       |       |    43 |   191 |    33 ||   267
       Conjure Ball Ligh |       |       |       |       |       |     4 |   107 ||   111
       Iskenderun's Myst |       |       |       |       |       |       |     2 ||     2
 Abil: Fly               |       |     1 |       |       |       |     1 |       ||     2
       Stop Flying       |       |       |       |       |       |     1 |       ||     1
Evoke: Wand              |       |       |     3 |       |     3 |     6 |       ||    12
  Use: Scroll            |       |    10 |     4 |    14 |    21 |    22 |     6 ||    77
       Potion            |       |     1 |       |     1 |     3 |     9 |       ||    14
 Stab: Distracted        |       |       |       |     2 |       |       |       ||     2
       Invisible         |       |       |       |       |       |     3 |       ||     3
Armor: Robe              |       |     1 |     2 |       |       |       |       ||     3
       Acid dragon scale |       |       |       |    33 |    58 |    16 |       ||   107
       Ring mail         |       |       |       |       |       |   250 |    14 ||   264
Dodge: Dodged            |     6 |     4 |    24 |   211 |   311 |  1490 |   105 ||  2151
Block: Buckler           |       |       |       |    55 |   113 |   595 |    59 ||   822
       Reflection        |       |       |       |       |       |       |    15 ||    15

Table legend: (Time is in decaauts)
 A = Elapsed time spent in this place.
 B = Non-inter-level travel time spent in this place.
 C = Inter-level travel time spent in this place.
 D = Time resting spent in this place.
 E = Time spent auto-exploring this place.
 F = Levels seen in this place.
 G = Mean time per level.
                   A        B        C        D        E       F      G
               +--------+--------+--------+--------+--------+-----+--------+
         Total |  80613 |  73526 |   7087 |  34030 |  28631 |  37 | 2178.7 |
       Dungeon |  34073 |  30866 |   3207 |  11996 |  14805 |  15 | 2271.5 |
        Temple |     95 |     67 |     28 |      0 |     51 |   1 |   95.0 |
          Lair |  17046 |  15257 |   1789 |   8252 |   4617 |   6 | 2841.0 |
         Swamp |   8498 |   8084 |    414 |   3615 |   3346 |   4 | 2124.5 |
   Spider Nest |   7668 |   6742 |    926 |   3589 |   1909 |   4 | 1917.0 |
  Orcish Mines |   4527 |   4198 |    329 |   2194 |   1461 |   2 | 2263.5 |
   Elven Halls |   7217 |   6826 |    391 |   3073 |   2440 |   3 | 2405.7 |
         Abyss |   1486 |   1486 |      0 |   1306 |      0 |   2 |  743.0 |
               +--------+--------+--------+--------+--------+-----+--------+

Top non-repeatable levels by time:
  Lair:3: 4867 daAuts
    D:14: 4392 daAuts
Spider:4: 4025 daAuts
   Elf:2: 3753 daAuts
 Swamp:3: 3524 daAuts
  Lair:5: 3413 daAuts
   Orc:2: 3287 daAuts
  Lair:6: 3083 daAuts
     D:9: 2946 daAuts
    D:15: 2784 daAuts
     D:7: 2626 daAuts
    D:12: 2589 daAuts
    D:11: 2481 daAuts
  Lair:4: 2236 daAuts
     D:5: 2134 daAuts
